 Dungeon Crawl Stone Soup version 0.29.0-11-gd7f09526c8 (webtiles) character file.

Game seed: 5563609473190318967

144 SensoryNuts the Cudgeller (level 5, 0/32 HPs)
             Began as a Gargoyle Fighter on Sept 2, 2022.
             Slain by a jackal (3 damage)
             ... on level 3 of the Dungeon.
             The game lasted 00:01:41 (2156 turns).

SensoryNuts the Cudgeller (Gargoyle Fighter)        Turns: 2156, Time: 00:01:42

Health: 0/32       AC: 12    Str: 21    XL:     5   Next: 26%
Magic:  5/5        EV: 13    Int:  9    God:
Gold:   151        SH:  4    Dex:  9    Spells: 4/4 levels left

rFire   . . .      SeeInvis .   a - +0 flail
rCold   . . .      Faith    .   c - +0 buckler
rNeg    + . .      Spirit   .   b - +0 scale mail
rPois   ∞          Reflect  .   (no helmet)
rElec   +          Harm     .   f - +0 cloak
rCorr   .          Rampage  .   (no gloves)
Will    .....                   (no boots)
Stlth   ..........              (no amulet)
HPRegen 0.10/turn               j - +4 ring of evasion
MPRegen 0.09/turn               (no ring)

@: mighty
A: sickness immunity, AC +4, negative energy resistance 1, electricity
resistance, torment resistance 1, petrification resistance
a: no special abilities


You were on level 3 of the Dungeon.
You visited 1 branch of the dungeon, and saw 3 of its levels.

You collected 151 gold pieces.

Inventory:

Hand Weapons
 a - a +0 flail (weapon)
Armour
 b - a +0 scale mail (worn)
 c - a +0 buckler (worn)
 f - a +0 cloak (worn)
Jewellery
 j - a +4 ring of evasion (left hand)
Scrolls
 i - 4 scrolls of teleportation
 l - 2 scrolls of immolation
 o - a scroll of vulnerability {unknown}
Potions
 e - a potion of lignification
 g - 2 potions of curing {unknown}
 h - 3 potions of heal wounds {unknown}
 k - a potion of degeneration {unknown}
 m - a potion of attraction {unknown}
 n - a potion of magic {unknown}
 p - a potion of resistance {unknown}
 q - a potion of cancellation {unknown}


   Skills:
 + Level 3.5 Fighting
 * Level 4.6 Maces & Flails
 + Level 3.6 Armour
 + Level 3.7 Shields


You had 4 spell levels left.
You didn't know any spells.
Your spell library contained the following spells:

 Spells                   Type           Power      Damage    Failure   Level
 Scorch                   Fire           0%         2d5       91%         2
 Dazzling Flash           Conj/Hex       0%         N/A       99%         3
 Flame Wave               Conj/Fire      0%         2d4       100%        4
 Agony                    Necr           0%         N/A       100%        5
 Silence                  Hex/Air        0%         N/A       100%        5
 Summon Cactus Giant      Summ           0%         N/A       100%        6


Dungeon Overview and Level Annotations

Branches:
Dungeon (3/15)

Altars:

Annotations:
D:3 Ijyb


Innate Abilities, Weirdness & Mutations

You are immune to sickness and miasma.
Your stone body is resilient. (AC +4)
You are immune to poison.
You resist negative energy. (rN+)
You are resistant to electric shocks. (rElec)
You are resistant to unholy torment.
You are immune to petrification.


Message History

Ijyb is heavily wounded.
The jackal barely misses you.
The jackal bites you but does no damage.
The jackal closely misses you. The jackal barely misses you.
Ijyb closely misses you.
The jackal bites you but does no damage.
The worm bites you!
You hit Ijyb but do no damage.
Ijyb is heavily wounded.
The jackal bites you but does no damage.
You block the jackal's attack. The jackal closely misses you.
Ijyb closely misses you. The jackal closely misses you.
You block the jackal's attack. The jackal barely misses you.
Unknown command.
You barely miss Ijyb.
Ijyb is heavily wounded.
The jackal closely misses you.
Ijyb screams, "You nasty!
Big nasty!"
Ijyb hits you with a +0 dagger.
* * * LOW HITPOINT WARNING * * *
The jackal barely misses you. The worm bites you but does no damage.
The jackal barely misses you. x2; You block the jackal's attack.
Ijyb hits you but does no damage.
You barely miss Ijyb.
Ijyb is heavily wounded.
The jackal barely misses you. The jackal completely misses you.
The jackal bites you.
* * * LOW HITPOINT WARNING * * *
The worm barely misses you. Ijyb hits you with a +0 dagger.
* * * LOW HITPOINT WARNING * * *
The jackal closely misses you.
You feel very mighty all of a sudden.
The jackal bites you but does no damage.
You block the jackal's attack. The jackal barely misses you.
The jackal closely misses you. Ijyb closely misses you.
The jackal bites you but does no damage.
You closely miss Ijyb.
Ijyb is heavily wounded.
The jackal bites you.
You die...

#############
#...........#
#....######.#
#######....# #.#
#......###.# #.#
#......# #.# #.#
#w@h...# #.######.#
#..ghhg...###.##...#..
......gl.............>##
.##...................#
#....####...........#
...... #.........).#
....... ...........#
....... ...........#
.........#


You could see Ijyb, a worm, 3 jackals, a hobgoblin, a goblin and a frilled
lizard.

Vanquished Creatures
  A necrophage (D:3)
  Jessica (D:3)
  3 adders
  6 ball pythons
  An endoplasm (D:3)
  2 giant cockroaches (D:1)
  5 hobgoblins
  A bat (D:1)
  2 frilled lizards (D:1)
  5 goblins
  2 kobolds (D:1)
29 creatures vanquished.

Notes
Turn   | Place    | Note
-------+----------+-------------------------------------------
     0 | D:1      | SensoryNuts the Gargoyle Fighter began the quest for the
                  | Orb.
     0 | D:1      | Reached XP level 1. HP: 14/14 MP: 1/1
   352 | D:1      | Found a faded altar of an unknown god.
   411 | D:1      | Reached XP level 2. HP: 15/19 MP: 2/2
  1074 | D:2      | Reached XP level 3. HP: 23/23 MP: 3/3
  1500 | D:2      | Reached skill level 3 in Maces & Flails
  1904 | D:3      | Noticed Jessica
  1911 | D:3      | Killed Jessica
  1912 | D:3      | Reached XP level 4. HP: 21/28 MP: 4/4
  2115 | D:3      | Noticed a necrophage
  2133 | D:3      | Killed a necrophage
  2134 | D:3      | Reached skill level 4 in Maces & Flails
  2134 | D:3      | Reached XP level 5. HP: 31/32 MP: 5/5
  2137 | D:3      | Noticed Ijyb
  2156 | D:3      | Slain by a jackal

Illustrated notes

Levels and vault maps discovered:
D:1:      dpeg_arrival_shelter, layout_loops_corners,
          chequers_ecumenical_altar_simple_redux
D:2:      layout_basic
D:3:      layout_basic, chequers_serial_rivers_small_3, uniq_ijyb, uniq_jessica

Skill      XL: |  1  2  3  4 |
---------------+-------------+-----
Maces & Flails | 3 4 |  4.6
Fighting       | |  3.5
Armour         | |  3.6
Shields        | |  3.7

Action                   |  1- 3 |  4- 6 || total
-------------------------+-------+-------++-------
Melee: Flail             |    76 |    39 ||   115
  Use: Scroll            |     5 |       ||     5
       Potion            |       |     1 ||     1
Armor: Scale mail        |    44 |    36 ||    80
Dodge: Dodged            |    37 |    59 ||    96
Block: Buckler           |    13 |    14 ||    27
